 Dungeon Crawl Stone Soup version 0.31-a0-142-g31f6795574 (webtiles) character file.

Game seed: 17359240528773048405

151 NoAnimeNoLife the Shooter (level 5, 0/25 HPs)
             Began as a Spriggan Hunter on June 3, 2023.
             Slain by an orc
             ... wielding a +0 morningstar
              (10 damage)
             ... on level 4 of the Dungeon.
             The game lasted 00:01:25 (2458 turns).

NoAnimeNoLife the Shooter (Spriggan Hunter)         Turns: 2458, Time: 00:01:26

Health: 0/25       AC:  6    Str:  7    XL:     5   Next: 10%
Magic:  6/6        EV: 20    Int: 11    God:
Gold:   262        SH:  0    Dex: 20    Spells: 4/4 levels left

rFire   . . .        a - +1 shortbow
rCold   . . .        (shield currently unavailable)
rNeg    . . .        i - +1 steam dragon scales
rPois   .            (helmet restricted)
rElec   .            (no cloak)
rCorr   .            (gloves unavailable)
SInv    +            (boots unavailable)
Will    +....        (no amulet)
Stlth   +++          (no ring)
HPRegen 0.24/turn    (no ring)
MPRegen 0.10/turn

%: no passive effects
@: attractive, enlightened, flying, hasted, very quick
A: very small, no large weapons, unfitting armour, see invisible, speed 3
a: no special abilities


You were on level 4 of the Dungeon.
You visited 1 branch of the dungeon, and saw 4 of its levels.

You collected 262 gold pieces.

Inventory:

Hand Weapons
 a - a +1 shortbow (weapon)
Armour
 c - a +0 robe
 i - +1 steam dragon scales (worn)
Scrolls
 b - a scroll of butterflies
 d - a scroll of acquirement {unknown}
Potions
 e - 2 potions of magic
 f - a potion of cancellation {unknown}
 g - a potion of heal wounds {unknown}
 h - a potion of attraction
 j - a potion of curing {unknown}
 k - a potion of enlightenment
 l - a potion of might {unknown}
 m - a potion of lignification {unknown}


   Skills:
 - Level 1.5 Fighting
 + Level 5.0 Ranged Weapons
 + Level 4.6 Dodging
 + Level 4.6 Stealth


You had 4 spell levels left.
You didn't know any spells.
Your spell library contained the following spells:

 Spells                   Type           Power      Damage    Failure   Level
 Sandblast                Erth           0%         2d4       34%         1
 Summon Small Mammal      Summ           0%         N/A       34%         1
 Passwall                 Tmut/Erth      0%         N/A       47%         2
 Call Canine Familiar     Summ           0%         N/A       71%         3
 Dazzling Flash           Conj/Hex       0%         N/A       71%         3
 Stone Arrow              Conj/Erth      0%         3d7       71%         3
 Summon Guardian Golem    Hex/Summ       0%         N/A       71%         3
 Agony                    Necr           0%         N/A       100%        5
 Silence                  Hex/Air        0%         N/A       100%        5


Dungeon Overview and Level Annotations

Branches:
Dungeon (4/15)
 Temple: D:4-7

Altars:


Innate Abilities, Weirdness & Mutations

You are very small and have problems with some larger weapons.
You are too small for most types of armour.
You have supernaturally acute eyesight. (SInv)
You cover ground extremely quickly. (Speed+++)


Message History

You feel very buoyant.
You fly up into the air.
The orc wizard closely misses you.
It was a potion of haste.
You feel yourself speed up. The orc wizard closely misses you.
Fire: a) +1 shortbow
Press: ? - help, Q - select action Shift-Dir - straight line, f/p - orc wizard
Aim: an orc wizard, wielding a +0 dagger and wearing a +0 robe (heavily wounded, 59% to hit)
You shoot an arrow.
The arrow closely misses the orc wizard.
Fire: a) +1 shortbow
Press: ? - help, Q - select action Shift-Dir - straight line, f/p - orc wizard
Aim: an orc wizard, wielding a +0 dagger and wearing a +0 robe (heavily wounded, 59% to hit)
You shoot an arrow. The arrow hits the orc wizard!
You kill the orc wizard!
Your Ranged Weapons skill increases to level 5!
You have reached level 5!
You feel clever.
Things that are here:
a +0 dagger; a +0 robe The orc is attracted toward you.
An orc is nearby!
An orc is nearby!
An orc is nearby!
You are too injured to fight recklessly!
You are too injured to fight recklessly!
You are too injured to fight recklessly!
Fire: a) +1 shortbow
Press: ? - help, Q - select action Shift-Dir - straight line, f - orc
Aim: an orc, wielding a +0 morningstar and wearing a +0 ring mail (69% to hit)
You shoot an arrow. The arrow hits the orc.
The orc is lightly wounded.
The orc is attracted toward you.
Fire: a) +1 shortbow
Press: ? - help, Q - select action Shift-Dir - straight line, f/p - orc
Aim: an orc, wielding a +0 morningstar and wearing a +0 ring mail (lightly wounded, 69% to hit)
You shoot an arrow.
The arrow hits the orc but does no damage.
The orc is lightly wounded.
The orc hits you with a +0 morningstar!
You die...

#.#.....# #. #.#.....##
##. #.#......## ....
#.........# .....
#.........###
.....##........)§.#
.............)§.#.#
..........).o...#.#
.[.........@....#.#
.....###........#.#
................#.#+##...
####.##.#########.o..o.o.
..........).......o..o...
.....##.#########.....#..
#######.# #..)..#
#....###### #.....#
#....'....# ##.$....


You could see an orc.

Vanquished Creatures
  2 orc wizards (D:4)
  4 adders
  A worm (D:3)
  A dart slug (D:1)
  An orc (D:4)
  9 ball pythons
  6 endoplasms
  A giant cockroach (D:1)
  8 goblins
  5 hobgoblins
  3 jackals (D:3)
  2 bats
  2 frilled lizards (D:3)
  6 kobolds
  6 rats
57 creatures vanquished.

Notes
Turn   | Place    | Note
-------+----------+-------------------------------------------
     0 | D:1      | NoAnimeNoLife the Spriggan Hunter began the quest for the
                  | Orb.
     0 | D:1      | Reached XP level 1. HP: 10/10 MP: 2/2
   160 | D:1      | Reached XP level 2. HP: 14/14 MP: 3/3
   550 | D:2      | Reached XP level 3. HP: 18/18 MP: 4/4
  1468 | D:3      | Reached XP level 4. HP: 22/22 MP: 5/5
  2428 | D:4      | Reached skill level 5 in Ranged Weapons
  2428 | D:4      | Reached XP level 5. HP: 6/25 MP: 6/6
  2458 | D:4      | Slain by an orc

Illustrated notes

Levels and vault maps discovered:
D:1:      mrwooster_arrival_arrow, layout_basic
D:2:      layout_loops_ring
D:3:      layout_basic, grunt_ministairs_3, serial_bayou_pond_d
D:4:      layout_basic

Skill      XL: |  1  2  3  4 |
---------------+-------------+-----
Stealth        | 2 3 4 |  4.6
Dodging        | 3 4 |  4.6
Ranged Weapons | 5 |  5.0
Fighting       | |  1.5

Action                     |  1- 3 |  4- 6 || total
---------------------------+-------+-------++-------
   Fire: Shortbow          |    93 |    58 ||   151
    Use: Scroll            |       |     5 ||     5
         Potion            |       |     4 ||     4
 Armour: Steam dragon scal |     2 |     3 ||     5
         Robe              |     1 |       ||     1
  Dodge: Dodged            |    33 |    16 ||    49

Table legend: (Time is in decaauts)
 A = Elapsed time spent in this place.
 B = Non-inter-level travel time spent in this place.
 C = Inter-level travel time spent in this place.
 D = Time resting spent in this place.
 E = Time spent auto-exploring this place.
 F = Levels seen in this place.
 G = Mean time per level.
                   A        B        C        D        E       F      G
               +--------+--------+--------+--------+--------+-----+--------+
         Total |   1617 |   1510 |    107 |     46 |   1186 |   4 |  404.2 |
       Dungeon |   1617 |   1510 |    107 |     46 |   1186 |   4 |  404.2 |
               +--------+--------+--------+--------+--------+-----+--------+

Top non-repeatable levels by time:
     D:3: 687 daAuts
     D:2: 480 daAuts
     D:1: 304 daAuts
     D:4: 145 daAuts
